 Dungeon Crawl Stone Soup version 0.28-a0-983-g1de4e0787c (webtiles) character file.

Game seed: 11986651805159894615

153 mcbry74 the Cudgeller (level 5, 0/48 HPs)
             Began as a Troll Gladiator on Dec 2, 2021.
             Slain by Grinder (3 damage)
             ... while paralysed by Grinder
             ... on level 4 of the Dungeon.
             The game lasted 00:07:43 (2001 turns).

mcbry74 the Cudgeller (Troll Gladiator)             Turns: 2001, Time: 00:07:43

Health: 0/48       AC:  5    Str: 24    XL:     5   Next: 12%
Magic:  4/4        EV:  1    Int:  4    God:
Gold:   101        SH:  0    Dex: 11    Spells: 4/4 levels left

rFire   . . .      SeeInvis .   b - +0 hunting sling
rCold   . . .      Faith    .   (no shield)
rNeg    . . .      Spirit   .   f - +0 robe
rPois   .          Reflect  .   c - +0 hat
rElec   .          Harm     .   e - +0 cloak
rCorr   .          Rampage  .   (gloves unavailable)
Will    .....                   (boots unavailable)
Stlth   +.........              (no amulet)
HPRegen 0.96/turn               (no ring)
MPRegen 0.09/turn               (no ring)

@: paralysed
A: large, unfitting armour, claws 3, regeneration 1, shaggy fur 1, tough skin 1
a: no special abilities


You were on level 4 of the Dungeon.
You visited 1 branch of the dungeon, and saw 4 of its levels.

You collected 101 gold pieces.

Inventory:

Hand Weapons
 a - a +0 flail
 b - a +0 hunting sling (weapon)
 t - a +4 quarterstaff of chaos
 v - a +0 mace
Missiles
 d - 3 throwing nets
 j - 74 stones (quivered ammo)
Armour
 c - a +0 hat (worn)
 e - a +0 cloak (worn)
 f - a +0 robe (worn)
 u - a +0 cloak
Scrolls
 h - 3 scrolls of identify {unknown}
 k - a scroll of fear {unknown}
 n - a scroll of enchant armour {unknown}
 p - a scroll of holy word {unknown}
 w - a scroll of summoning {unknown}
Potions
 g - a potion of cancellation {unknown}
 i - a potion of heal wounds {unknown}
 l - a potion of ambrosia {unknown}
 m - 3 potions of curing {unknown}
 o - a potion of invisibility {unknown}
 q - a potion of lignification {unknown}
 r - a potion of haste {unknown}
 s - a potion of attraction {unknown}
 x - a potion of mutation {unknown}


   Skills:
 - Level 1.5 Fighting
 + Level 5.3 Maces & Flails
 - Level 1.7 Throwing
 - Level 2.4 Dodging


You had 4 spell levels left.
You didn't know any spells.
Your spell library contained the following spells:

 Spells                   Type           Power      Damage    Failure   Level
 Sublimation of Blood     Necr           0%         N/A       65%         2
 Wereblood                Tmut           0%         N/A       65%         2
 Summon Hydra             Summ           0%         N/A       100%        7


Dungeon Overview and Level Annotations

Branches:
Dungeon (4/15)
 Temple: D:4-7

Altars:

Annotations:
D:4 Grinder


Innate Abilities, Weirdness & Mutations

You are too large for most types of armour.
You have claws for hands.
Your natural rate of healing is unusually fast.
You are covered in fur. (AC +1)
You have tough skin. (AC +1)


Message History

You barely miss the adder skeleton.
The adder skeleton is moderately damaged.
The adder skeleton bites you.
You hit the adder skeleton.
The adder skeleton is severely damaged.
The adder skeleton closely misses you. The adder skeleton barely misses you.
You sock the adder skeleton!
You destroy the adder skeleton!
You sock the hobgoblin!
You kill the hobgoblin!
Found a chain mail.
b - a +0 hunting sling (weapon)
You open the door.
You see here a +0 ring mail.
There is an open door here.
Grinder comes into view.
Grinder gestures at you.
You suddenly lose the ability to move!
Grinder blinks!
You can move again.
There is an open door here.
Okay, then.
Really attack while wielding your +0 hunting sling?
You barely miss Grinder.
Grinder drinks a potion.
Grinder seems to grow stronger.
You closely miss Grinder. Grinder hits you.
You writhe in agony.
Grinder gestures at you.
You barely resist.
You clumsily bash Grinder but do no damage.
Grinder hits you!
You writhe in agony.
You clumsily bash Grinder but do no damage.
Grinder gestures at you.
You suddenly lose the ability to move!
Grinder hits you.
You writhe in agony.
Grinder hits you!
You writhe in agony.
* * * LOW HITPOINT WARNING * * *
Grinder hits you but does no damage. Grinder hits you!
* * * LOW HITPOINT WARNING * * *
You writhe in agony.
You die...

.....###### #.# #......
.........###.#####....
.[.......#.......#....
.........+.......#....
.........#.......#....
.........###'#####....
#+##.................
#..5[................
+..#@..........<..... ###
#.##.................
#..##+###5#....##########....
#.........#....# #....
.#.........#....# #....
.......ยง...#....# #....
#...##..##.#....# .... ##.
#..#####.... .. ..... +....


You could see Grinder (strong).

Vanquished Creatures
  A hound (D:4)
  Crazy Yiuf (D:3)
  A howler monkey skeleton (D:3)
  3 adders
  An adder skeleton (D:4)
  2 dart slugs (D:2)
  8 endoplasms
  4 goblins
  4 hobgoblins
  4 jackals (D:3)
  4 kobolds
  4 quokkas
  2 ball pythons (D:1)
  5 frilled lizards
  7 rats
51 creatures vanquished.

Vanquished Creatures (others)
  A goblin (D:3)
1 creature vanquished.

Grand Total: 52 creatures vanquished

Notes
Turn   | Place    | Note
-------+----------+-------------------------------------------
     0 | D:1      | mcbry74 the Troll Gladiator began the quest for the Orb.
     0 | D:1      | Reached XP level 1. HP: 19/19 MP: 0/0
     7 | D:1      | Found a faded altar of an unknown god.
    70 | D:1      | Reached skill level 3 in Maces & Flails
   131 | D:1      | Reached XP level 2. HP: 27/27 MP: 1/1
   592 | D:2      | Reached XP level 3. HP: 32/33 MP: 2/2
   901 | D:2      | Reached skill level 4 in Maces & Flails
  1583 | D:3      | Reached XP level 4. HP: 41/41 MP: 3/3
  1785 | D:3      | Found a runed translucent door.
  1786 | D:3      | Noticed Crazy Yiuf
  1794 | D:3      | Killed Crazy Yiuf
  1795 | D:3      | Reached skill level 5 in Maces & Flails
  1867 | D:4      | Reached XP level 5. HP: 40/48 MP: 4/4
  1982 | D:4      | Noticed Grinder
  1988 | D:4      | Paralysed by Grinder for 2 turns
  1998 | D:4      | Paralysed by Grinder for 7 turns
  2001 | D:4      | Slain by Grinder

Illustrated notes

Levels and vault maps discovered:
D:1:      dpeg_arrival_tiny_i, layout_basic, shapermc_ecumenical_altar_gd,
          kennysheep_decorative_pillar
D:2:      layout_basic, grunt_decor_mini_mirrors
D:3:      layout_basic, lemuel_old_faithful, uniq_crazy_yiuf_cottage
D:4:      layout_gridville, gammafunk_ghost_stat_death, uniq_ijyb,
          uniq_blork_the_orc, uniq_grinder

Skill      XL: |  1  2  3  4 |
---------------+-------------+-----
Maces & Flails | 3 4 5 |  5.3
Fighting       | |  1.5
Throwing       | |  1.7
Dodging        | |  2.4

Action                   |  1- 3 |  4- 6 || total
-------------------------+-------+-------++-------
Melee: Flail             |    61 |    37 ||    98
       Hunting sling     |       |     4 ||     4
 Fire: Hunting sling     |    53 |     6 ||    59
 Stab: Sleeping          |     1 |       ||     1
Armor: Robe              |    21 |    21 ||    42
Dodge: Dodged            |    29 |    27 ||    56

Table legend: (Time is in decaauts)
 A = Elapsed time spent in this place.
 B = Non-inter-level travel time spent in this place.
 C = Inter-level travel time spent in this place.
 D = Time resting spent in this place.
 E = Time spent auto-exploring this place.
 F = Levels seen in this place.
 G = Mean time per level.
                   A        B        C        D        E       F      G
               +--------+--------+--------+--------+--------+-----+--------+
         Total |   2017 |   1935 |     82 |     12 |   1489 |   4 |  504.2 |
       Dungeon |   2017 |   1935 |     82 |     12 |   1489 |   4 |  504.2 |
               +--------+--------+--------+--------+--------+-----+--------+

Top non-repeatable levels by time:
     D:3: 734 daAuts
     D:1: 581 daAuts
     D:2: 550 daAuts
     D:4: 150 daAuts
